 Dungeon Crawl Stone Soup version 0.28.0-43-g3370ac3207 (webtiles) character file.

Game seed: 7615329959987453524

185 Kaptain the Digger (level 5, -4/34 HPs)
             Began as an Octopode Earth Elementalist on Mar 5, 2022.
             Slain by a black bear (8 damage)
             ... on level 3 of the Dungeon.
             The game lasted 00:06:00 (3920 turns).

Kaptain the Digger (Octopode Earth Elementalist)    Turns: 3920, Time: 00:06:01

Health: -4/34      AC:  1    Str:  7    XL:     5   Next: 64%
Magic:  6/9        EV: 13    Int: 20    God:
Gold:   91         SH:  0    Dex: 12    Spells: 6/10 levels left

rFire   . . .      SeeInvis .   d - +2 dagger (freeze)
rCold   . . .      Faith    .   (no shield)
rNeg    + . .      Spirit   .   (helmet restricted)
rPois   .          Reflect  .   (no amulet)
rElec   .          Harm     .   a - ring of positive energy
rCorr   .          Rampage  .   (no ring)
Will    .....                   (no ring)
Stlth   +++.......              (no ring)
HPRegen 0.11/turn               (no ring)
MPRegen 0.11/turn               (no ring)
                                (no ring)
                                (no ring)

@: attractive
A: almost no armour, amphibious, 8 rings, camouflage 1, gelatinous body 1,
(nimble swimmer 1), tentacles
a: no special abilities


You were on level 3 of the Dungeon.
You visited 1 branch of the dungeon, and saw 4 of its levels.

You collected 91 gold pieces.

Inventory:

Hand Weapons
 d - a +2 dagger of freezing (weapon)
 j - a +0 rapier
 k - a +2 quarterstaff of chaos
Missiles
 b - 37 stones
 i - 14 bolts
Jewellery
 a - a ring of positive energy (left tentacle)
Scrolls
 c - 4 scrolls of identify {unknown}
 e - 3 scrolls of enchant weapon {unknown}
 f - 2 scrolls of fear {unknown}
 h - a scroll of immolation {unknown}


   Skills:
 * Level 2.0 Fighting
 + Level 2.5 Dodging
 + Level 3.7 Stealth
 * Level 3.0 Spellcasting
 * Level 2.0 Conjurations
 - Level 1.0 Transmutations
 * Level 3.7 Earth Magic


You had 6 spell levels left.
You knew the following spells:

 Your Spells              Type           Power      Damage    Failure   Level
a - Sandblast             Erth           34%        2d9       3%          1
b - Stone Arrow           Conj/Erth      28%        3d8       13%         3

Your spell library contained the following spells:

 Spells                   Type           Power      Damage    Failure   Level
 Passwall                 Tmut/Erth      10%        N/A       9%          2
 Petrify                  Tmut/Erth      12%        N/A       47%         4


Dungeon Overview and Level Annotations

Branches:
Dungeon (4/15)
 Temple: D:4-7

Altars:
Vehumet


Innate Abilities, Weirdness & Mutations

You cannot wear most types of armour.
You are amphibious.
You can wear up to eight rings at the same time.
Your skin changes colour to match your surroundings (Stealth+).
Your rubbery body absorbs attacks. (AC +1, EV +1)
((You are camouflaged when in or above water. (Stealth+)))
You have tentacles for arms and can constrict up to eight enemies at once.


Message History

You climb downwards.
The black bear bites you. The black bear misses you.
The black bear closely misses you. The worm bites you!
The black bear bites you. The black bear barely misses you.
The black bear claws you.
There is a stone staircase leading up, spattered with blood here.
Unknown command.
Unknown command.
The black bear bites you. The black bear misses you. The black bear claws you.
* * * LOW HITPOINT WARNING * * *
The worm misses you.
You climb upwards.
There is a stone staircase leading down here.
Unknown command.
The black bear bites you!
* * * LOW HITPOINT WARNING * * *
The black bear closely misses you. The black bear barely misses you.
It was a potion of attraction.
You feel attractive to monsters. The black bear barely misses you.
The black bear claws you.
* * * LOW HITPOINT WARNING * * *
The black bear completely misses you.
You hit the black bear but do no damage.
You grab the black bear. You constrict the black bear.
The black bear barely misses you. The black bear closely misses you. x2
Casting: Stone Arrow (quite dangerous; 13% risk of failure)
Confirm with . or Enter, or press ? or * to list all spells.
The spell is quite dangerous to miscast (13% risk of failure)!
Continue anyway?
Okay, then.
Unknown command.
Unknown command.
Casting: Stone Arrow (quite dangerous; 13% risk of failure)
Confirm with . or Enter, or press ? or * to list all spells.
The spell is quite dangerous to miscast (13% risk of failure)!
Continue anyway?
Aiming: Stone Arrow (quite dangerous; 13% risk of failure)
Press: ? - help, Shift-Dir - straight line, f - black bear
Aim: a black bear (lightly wounded, constricted by you, 100% to hit)
The stone arrow hits the black bear!
The black bear is heavily wounded.
You constrict the black bear. The black bear bites you!
You die...

#............ #............
#............ ######
##............ #....#
#.............
#....###.#...>.......
#........##[....#....
#....######...#######
############@# #..........
#.......# #h# #....##....
#.......####.######....##..>.
#.......##...................
#......w........######.##....
#.......#.......######.######
#..>..........).....##...##..
#.......#.......###..........
#########.......#............


You could see a black bear.

Vanquished Creatures
  Crazy Yiuf (D:3)
  A bullfrog skeleton (D:3)
  4 adders
  A gnoll (D:2)
  3 worms
  3 dart slugs
  An orc (D:2)
  6 ball pythons
  6 endoplasms
  6 giant cockroaches
  6 goblins
  5 hobgoblins
  7 kobolds
  5 quokkas
  8 bats
  3 frilled lizards
  2 rats
68 creatures vanquished.

Notes
Turn   | Place    | Note
-------+----------+-------------------------------------------
     0 | D:1      | Kaptain the Octopode Earth Elementalist began the quest for
                  | the Orb.
     0 | D:1      | Reached XP level 1. HP: 11/11 MP: 3/3
   159 | D:1      | Reached XP level 2. HP: 11/18 MP: 0/5
   689 | D:1      | Reached skill level 1 in Conjurations
   790 | D:1      | Reached XP level 3. HP: 21/22 MP: 6/6
   794 | D:1      | Learned a level 3 spell: Stone Arrow
  1206 | D:2      | Found a radiant altar of Vehumet.
  1255 | D:2      | Reached skill level 1 in Fighting
  1635 | D:2      | Reached XP level 4. HP: 24/28 MP: 7/7
  2345 | D:2      | Found a faded altar of an unknown god.
  2916 | D:3      | Reached XP level 5. HP: 34/34 MP: 9/9
  3040 | D:3      | Found a runed translucent door.
  3041 | D:3      | Noticed Crazy Yiuf
  3051 | D:3      | Killed Crazy Yiuf
  3457 | D:4      | Noticed a black bear
  3736 | D:4      | Noticed a black bear
  3920 | D:3      | Slain by a black bear

Illustrated notes

Levels and vault maps discovered:
D:1:      tarquinn_simple_flora_water_e, layout_rooms
D:2:      minmay_recursive_quarters, layout_basic, basic_altar,
          dilly_ecumenical_altar_fadedgnrine
D:3:      layout_rooms, serial_rivers, chequers_serial_rivers_small_b,
          chequers_serial_rivers_room_a, chequers_serial_rivers_small_3,
          chequers_serial_rivers_room_a, uniq_crazy_yiuf_cottage
D:4:      layout_rooms, minmay_temple_entry_statues_pillars, serial_shops,
          nicolae_shop_statue_plus, moated_statue

Skill      XL: |  1  2  3  4  5 |
---------------+----------------+-----
Stealth        | 3 |  3.7
Conjurations   | 1 2 |  2.0
Fighting       | 1 2 |  2.0
Spellcasting   | 3 |  3.0
Dodging        | |  2.5
Transmutations | |  1.0
Earth Magic    | |  3.7

Action                   |  1- 3 |  4- 6 || total
-------------------------+-------+-------++-------
Melee: Unarmed           |     6 |       ||     6
       Constrict         |     8 |    12 ||    20
       Dagger            |    39 |    60 ||    99
       Tentacles         |     9 |    15 ||    24
       Short sword       |    10 |       ||    10
       Punch             |     1 |     1 ||     2
 Cast: Sandblast         |    22 |    18 ||    40
       Stone Arrow       |       |     2 ||     2
  Use: Potion            |       |     1 ||     1
 Stab: Sleeping          |    11 |     2 ||    13
Armor: Skin              |     6 |     6 ||    12
Dodge: Dodged            |    35 |    60 ||    95
